 Dungeon Crawl Stone Soup version 0.29.1-12-g30fa7ad0bf (webtiles) character file.

Game seed: 130354734358022009

0 wormed the Covert (level 1, 0/23 HPs)
             Began as a Gnoll Delver on Dec 21, 2022.
             Slain by a hobgoblin (1 damage)
             ... on level 4 of the Dungeon.
             The game lasted 00:02:17 (152 turns).

wormed the Covert (Gnoll Delver)                     Turns: 152, Time: 00:02:18

Health: 0/23       AC:  3    Str: 11    XL:     1   Next: 10%
Magic:  1/1        EV: 13    Int:  9    God:
Gold:   22         SH:  0    Dex: 13    Spells: 0/0 levels left

rFire   . . .      SeeInvis .   a - +1 short sword
rCold   . . .      Faith    .   (no shield)
rNeg    . . .      Spirit   .   b - +0 leather armour
rPois   .          Reflect  .   (no helmet)
rElec   .          Harm     .   (no cloak)
rCorr   .          Rampage  .   (no gloves)
Will    .....                   (no boots)
Stlth   ++++......              (no amulet)
HPRegen 0.07/turn               (no ring)
MPRegen 0.07/turn               (no ring)

@: no status effects
A: fangs 1, strong nose, distributed training
a: no special abilities


You were on level 4 of the Dungeon.
You visited 1 branch of the dungeon, and saw 2 of its levels.

You collected 22 gold pieces.

Inventory:

Hand Weapons
 a - a +1 short sword (weapon)
Armour
 b - a +0 leather armour (worn)
Wands
 g - a wand of digging (3)
Scrolls
 e - a scroll of fear
 i - a scroll of blinking {unknown}
Potions
 d - 3 potions of curing {unknown}
 f - a potion of haste


   Skills:
 + Level 6.4 Fighting
 + Level 4.4 Short Blades
 + Level 0.0 Long Blades
 + Level 0.0 Axes
 + Level 0.0 Maces & Flails
 + Level 0.0 Polearms
 + Level 0.0 Staves
 + Level 0.0 Ranged Weapons
 + Level 0.0 Throwing
 + Level 0.0 Armour
 + Level 4.4 Dodging
 + Level 9.5 Stealth
 + Level 0.0 Shields
 + Level 0.0 Unarmed Combat
 + Level 0.0 Spellcasting
 + Level 0.0 Conjurations
 + Level 0.0 Hexes
 + Level 0.0 Summonings
 + Level 0.0 Necromancy
 + Level 0.0 Translocations
 + Level 0.0 Transmutations
 + Level 0.0 Fire Magic
 + Level 0.0 Ice Magic
 + Level 0.0 Air Magic
 + Level 0.0 Earth Magic
 + Level 0.0 Poison Magic
 + Level 0.0 Invocations
 + Level 0.0 Evocations


You couldn't memorise any spells.
You didn't know any spells.
Your spell library contained the following spells:

 Spells                   Type           Power      Damage    Failure   Level
 Apportation              Tloc           0%         N/A       47%         1
 Necrotise                Necr           0%         1d4       47%         1
 Summon Small Mammal      Summ           0%         N/A       47%         1
 Hailstorm                Conj/Ice       0%         3d3       99%         4
 Ice Form                 Ice/Tmut       0%         N/A       99%         4
 Simulacrum               Ice/Necr       0%         N/A       100%        6


Dungeon Overview and Level Annotations

Branches:
Dungeon (5/15)
 Temple: D:4-7

Altars:
Fedhas
Trog

Annotations:
D:4 Grinder


Innate Abilities, Weirdness & Mutations

You have very sharp teeth.
Your uncanny sense of smell can sniff out nearby items.
Your experience applies equally to all skills.


Message History

The kobold shouts!
The kobold closely misses you. The hobgoblin attacks as you move away!
The hobgoblin hits you. The hobgoblin attacks as you move away!
The hobgoblin barely misses you.
The kobold throws a stone.
The stone hits you but does no damage. The hound attacks as you move away!
The hound closely misses you. The hobgoblin attacks as you move away!
The hobgoblin misses you. The hound attacks as you move away!
The hound bites you. The hound barely misses you.
The hobgoblin attacks as you move away!
The hobgoblin hits you but does no damage.
An adder comes into view.
The hound bites you but does no damage. The hound barely misses you.
Found 9 gold pieces.
The adder hisses angrily.
The hound barely misses you. The hound attacks as you move away!
The hound bites you. The hound bites you. The hound attacks as you move away!
The hound barely misses you. The hobgoblin attacks as you move away!
The hobgoblin misses you. The hound barely misses you.
Found a metallic grey potion.
The hound attacks as you move away! The hound bites you.
* * * LOW HITPOINT WARNING * * *
Found 4 stones.
The hound barely misses you.
As you read the scroll labelled IHEQUG KISO, it crumbles to dust.
It is a scroll of enchant weapon.
Your +0 short sword glows red for a moment.
The hobgoblin hits you.
* * * LOW HITPOINT WARNING * * *
The hound bites you.
* * * LOW HITPOINT WARNING * * *
As you read the scroll of fog, it crumbles to dust.
The scroll dissolves into smoke.
The hound bites you but does no damage. The hobgoblin hits you.
* * * LOW HITPOINT WARNING * * *
The hound bites you but does no damage. The hobgoblin attacks as you move away!
The hobgoblin hits you.
You die...

#.. ##..........
........##..........! .
#... ...#............
.. ... ....##.5......[
...##.. #..##.........
(...... ##...5.........
.....§. #.............#
#...§§###s...........##
#..§§@hS....##....#...
##.§§§gr.#...#...###..
##§§§K..#......## .#
##..#.######.## .
#...#.. ..# #........
.## ..........#
.######...#


You could see a hound, an adder, a quokka, a hobgoblin and a kobold.

Vanquished Creatures
  A ball python (D:4)
1 creature vanquished.

Notes
Turn   | Place    | Note
-------+----------+-------------------------------------------
     0 | D:5      | Reached skill level 9 in Stealth
     0 | D:5      | wormed the Gnoll Delver began the quest for the Orb.
     0 | D:5      | Reached XP level 1. HP: 23/23 MP: 1/1
     3 | D:5      | Found a blossoming altar of Fedhas.
    14 | D:5      | Found a bloodstained altar of Trog.
    98 | D:4      | Noticed a scorpion
   112 | D:4      | Noticed Grinder
   115 | D:4      | Noticed an orc wizard
   122 | D:4      | Noticed a hound
   151 | D:4      | HP: 1/23 [hobgoblin (3)]
   152 | D:4      | Slain by a hobgoblin

Illustrated notes

Levels and vault maps discovered:
D:4:      layout_cave_pools, grunt_temple_overflow_order_and_chaos_2,
          slow_altar_2, lemuel_temple_firewalk_b,
          hangedman_decor_clover_reticule, uniq_grinder
D:5:      layout_basic, trog_wizard, mainiacjoe_overflow_six_doors_small

Skill      XL: | |
---------------+-+-----
Stealth        | |  9.5
Fighting       | |  6.4
Short Blades   | |  4.4
Dodging        | |  4.4

Action                   || total
-------------------------++-------
Melee: Short sword       ||     2
  Use: Scroll            ||     3
Armor: Leather armour    ||     8
Dodge: Dodged            ||    17
